 Dungeon Crawl Stone Soup version 0.25.0-46-gbd7b0854d2 (webtiles) character file.

Game seed: 15187449293642318603

105 Ethylacetat the Gusty (level 4, -5/27 HPs)
             Began as an Octopode Air Elementalist on July 15, 2020.
             Slain by a gnoll
             ... wielding a +0 whip
              (11 damage)
             ... on level 3 of the Dungeon.
             The game lasted 00:08:59 (2474 turns).

Ethylacetat the Gusty (Octopode Air Elementalist)   Turns: 2474, Time: 00:09:01

Health: -5/27      AC:  1    Str: 13    XL:     4   Next: 83%
Magic:  5/7        EV: 13    Int: 18    God:
Gold:   121        SH:  0    Dex: 12    Spells: 7/8 levels left

rFire    . . .     SeeInvis .   e - +2 dagger (distort)
rCold    . . .     Gourm    .   (no shield)
rNeg     . . .     Faith    .   (helmet restricted)
rPois    .         Spirit   .   (no amulet)
rElec    .         Reflect  .   g - +6 ring of strength
rCorr    .         Harm     .   (no ring)
MR       .....                  (no ring)
Stlth    +++.......             (no ring)
HPRegen  0.09/turn              (no ring)
MPRegen  0.10/turn              (no ring)
                                (no ring)
                                (no ring)

@: very slightly contaminated
A: almost no armour, stealthy swim, amphibious, 8 rings, constrict 8, camouflage
1, gelatinous body 1
a: no special abilities


You were on level 3 of the Dungeon.
You were not hungry.

You visited 1 branch of the dungeon, and saw 3 of its levels.

You collected 121 gold pieces.

Inventory:

Hand Weapons
 e - a +2 dagger of distortion (weapon)
Jewellery
 g - a +6 ring of strength (left tentacle)
 n - an uncursed ring of fire {unknown}
Scrolls
 h - 3 scrolls of identify {unknown}
 i - a scroll of teleportation {unknown}
 j - 2 scrolls of amnesia {unknown}
 l - a scroll of enchant armour {unknown}
 m - a scroll of remove curse {unknown}
Potions
 a - a potion of cancellation {unknown}
 c - a potion of curing {unknown}
 d - a potion of resistance {unknown}
 f - a potion of haste {unknown}
 k - a potion of might {unknown}
Comestibles
 b - 2 rations
 o - a chunk of flesh


   Skills:
 + Level 0.9 Fighting
 + Level 0.5 Short Blades
 - Level 2.0 Dodging
 - Level 2.6 Stealth
 + Level 2.5 Spellcasting
 * Level 2.6 Conjurations
 * Level 4.0 Air Magic


You had 7 spell levels left.
You knew the following spells:

 Your Spells              Type           Power        Failure   Level  Hunger
a - Shock                 Conj/Air       ##..         4%          1    #......

Your spell library contained the following spells:

 Spells                   Type           Power        Failure   Level  Hunger
 Swiftness                Chrm/Air       #.......     12%         2    ##.....
 Static Discharge         Conj/Air       ##......     13%         3    ###....
 Airstrike                Air            ###.......   32%         4    #####..
 Lightning Bolt           Conj/Air       ##........   77%         5    ######.


Dungeon Overview and Level Annotations

Branches:
Dungeon (3/15)

Altars:
Cheibriados


Innate Abilities, Weirdness & Mutations

You cannot wear most types of armour.
You are very stealthy in the water. (Stealth+)
You are amphibious.
You can wear up to eight rings at the same time.
You can use your tentacles to constrict eight enemies at once.
Your skin changes colour to match your surroundings (Stealth+).
Your rubbery body absorbs attacks. (AC +1, EV +1)


Message History

You are too injured to fight recklessly!
There is an open door here.
Casting: Shock (safe; 4% risk of failure)
Confirm with . or Enter, or press ? or * to list all spells.
Aiming: Shock (safe; 4% risk of failure)
Press: ? - help, Shift-Dir - straight line The zap misses the gnoll.
The zap hits the gnoll.
The gnoll is lightly wounded.
The gnoll barely misses you.
Casting: Shock (safe; 4% risk of failure)
Confirm with . or Enter, or press ? or * to list all spells.
Aiming: Shock (safe; 4% risk of failure)
Press: ? - help, Shift-Dir - straight line You miscast Shock.
You are very lightly contaminated with residual magic.
Nothing appears to happen.
The gnoll hits you from afar with a +0 spear!
* * * LOW HITPOINT WARNING * * *
The gnoll hits you with a +0 whip!
You die...

#.##.## .#...## ..... #####
... .#######...# #)#
...........# #.# ########...#
##. ### #g# ##.## .. ..#
##g## #.# #. #.# ##@..##
###.### #.###.# ##.....##
#...... #..##.###.......##
##.#.###
##.>.#.##.........####......#
#.......'.........+..........
#
##...#.##.........####...####
#.##..##.###.......## ##..#
#........# ##.....## #..####
####.##### ##...## #......


You could see 2 gnolls.

Vanquished Creatures
  2 gnolls (D:3)
  An adder (D:3)
  2 worms (D:2)
  3 dart slugs
  A leopard gecko (D:2)
  A ball python (D:1)
  3 giant cockroaches
  4 goblins
  7 hobgoblins
  11 kobolds
  A quokka (D:2)
  12 bats
  3 frilled lizards (D:1)
  7 rats
58 creatures vanquished.

Vanquished Creatures (others)
  A worm (D:2)
  An orc (D:3)
  A goblin (D:2)
  A frilled lizard (D:2)
4 creatures vanquished.

Grand Total: 62 creatures vanquished

Notes
Turn   | Place    | Note
-------+----------+-------------------------------------------
     0 | D:1      | Ethylacetat the Octopode Air Elementalist began the quest
                  | for the Orb.
     0 | D:1      | Reached XP level 1. HP: 11/11 MP: 3/3
   254 | D:1      | Reached XP level 2. HP: 14/17 MP: 0/5
   842 | D:1      | Reached XP level 3. HP: 21/21 MP: 4/6
  1335 | D:2      | Found a snail-covered altar of Cheibriados.
  1929 | D:2      | Reached XP level 4. HP: 27/27 MP: 7/7
  2469 | D:3      | Reached skill level 4 in Air Magic
  2474 | D:3      | Slain by a gnoll

Illustrated notes

Levels and vault maps discovered:
D:1:      dpeg_arrival_tiny_b, layout_basic
D:2:      layout_rooms, kennysheep_slug_shrine
D:3:      layout_loops_corners, tgw_xom

Skill      XL: |  1  2  3  4 |
---------------+-------------+-----
Conjurations   | 2 |  2.6
Air Magic      | 4 |  4.0
Fighting       | |  0.9
Short Blades   | |  0.5
Dodging        | |  2.0
Stealth        | |  2.6
Spellcasting   | |  2.5

Action                   |  1- 3 |  4- 6 || total
-------------------------+-------+-------++-------
Melee: Unarmed           |     9 |       ||     9
       Constrict         |    11 |     6 ||    17
       Dagger            |    44 |    24 ||    68
       Tentacles         |     4 |     6 ||    10
 Cast: Shock             |    24 |     5 ||    29
 Stab: Sleeping          |    11 |     1 ||    12
  Eat: Chunk             |     3 |     2 ||     5
Armor: Skin              |     4 |     1 ||     5
Dodge: Dodged            |    30 |    10 ||    40
